 Dungeon Crawl Stone Soup version 0.31.0-12-g77e489cdc1 (webtiles) character file.

Game seed: 14546727400584535427

2160 Gadfly the Insei (level 9, -4/65 HPs)
             Began as a Demonspawn Monk on Mar 2, 2024.
             Was an Initiate of Ru.
             Killed from afar by an electric eel (6 damage)
             ... with a bolt of electricity
             ... on level 6 of the Dungeon.
             The game lasted 00:13:03 (7691 turns).

Gadfly the Insei (Demonspawn Monk)                  Turns: 7691, Time: 00:13:04

Health: -4/65      AC:  9    Str: 15    XL:     9   Next: 10%
Magic:  9/9        EV: 14    Int: 10    God:    Ru [......]
Gold:   112        SH:  0    Dex: 17    Spells: 5/8 levels left

rFire   . . .        b - +6 dagger (venom)
rCold   + . .        c - orb {light}
rNeg    . . .        f - +1 robe {rC+}
rPois   .            t - melded +0 helmet
rElec   .            (cloak currently unavailable)
rCorr   +            v - melded +0 pair of gloves
SInv    .            x - melded +0 pair of boots
Will    +....        (no amulet)
Stlth   +            j - ring of resist corrosion
HPRegen 0.30/turn    s - ring of willpower
MPRegen 0.11/turn

%: no passive effects
@: beast-form, sanguine armoured, glowing, studying Fire Magic, very slow
A: beast (slay +2), foul stench 2, powered by pain 1, sanguine armour 1
a: Begin Untransformation, Renounce Religion


You were on level 6 of the Dungeon.
You worshipped Ru.
Ru was noncommittal.
You were a hulking beast.
You visited 2 branches of the dungeon, and saw 7 of its levels.
You also visited: Ossuary.

You collected 282 gold pieces.
You spent 170 gold pieces at shops.

Inventory:

Hand Weapons
 b - a +6 dagger of venom (weapon)
Armour
 c - an orb of light (worn)
 f - a +1 robe of cold resistance (worn)
 t - a +0 helmet (melded)
 v - a +0 pair of gloves (melded)
 x - a +0 pair of boots (melded)
Jewellery
 j - a ring of resist corrosion (left hand)
 s - a ring of willpower (right hand)
Talismans
 h - a flux talisman
 o - a beast talisman (active)
Wands
 n - a wand of charming (26) (quivered)
Scrolls
 d - a scroll of identify
 l - 2 scrolls of teleportation
 r - a scroll of revelation
 w - a scroll of poison
 z - a scroll of enchant armour
Potions
 a - 6 potions of cancellation
 e - 2 potions of mutation
 g - 5 potions of curing
 i - a potion of resistance
 m - 2 potions of enlightenment
 p - a potion of might
 q - 2 potions of ambrosia
 A - a potion of berserk rage


   Skills:
 * Level 3.8 Fighting
 * Level 5.2 Dodging
 * Level 6.4 Unarmed Combat
 + Level 5.8 Evocations
 * Level 5.0 Shapeshifting


You had 5 spell levels left.
You knew the following spells:

 Your Spells              Type           Power      Damage    Failure   Level
a - Fugue of the Fallen   Necr           0%         N/A       75%         3

Your spell library contained the following spells:

 Spells                   Type           Power      Damage    Failure   Level
 Call Imp                 Summ           0%         N/A       50%         2
 Ensorcelled Hibernation  Hex/Ice        0%         N/A       50%         2
 Sublimation of Blood     Necr           0%         N/A       50%         2
 Hailstorm                Conj/Ice       0%         3d5       75%         3
 Summon Ice Beast         Ice/Summ       0%         N/A       75%         3
 Volatile Blastmotes      Fire/Tloc      0%         2d10      75%         3
 Anguish                  Hex/Necr       0%         N/A       98%         4
 Fulminant Prism          Conj/Alch      0%         3d5       98%         4
 Iskenderun's Mystic Bla  Conj/Tloc      0%         2d3       98%         4
 Sculpt Simulacrum        Ice/Alch       0%         N/A       100%        6
 Summon Hydra             Summ           0%         N/A       100%        7


Dungeon Overview and Level Annotations

Branches:
Dungeon (6/15)             Temple (1/1) D:6         Ossuary (visited)

Altars:
Ashenzari
Cheibriados
Dithmenos
Fedhas
Gozag
Hepliaklqana
Kikubaaqudgha
Makhleb
Nemelex Xobeh
Okawaru
Qazlal
Ru
Sif Muna
Trog
Uskayaw
Vehumet
Wu Jian
Yredelemnul

Shops:
D:2 *   D:5 !   D:6 =

Annotations:
Temple 2 transporters


Innate Abilities, Weirdness & Mutations

You are a hulking beast.
Your limbs bulge with bestial killing power. (Slay +2)
You sometimes emit foul miasma when damaged in melee.
You sometimes gain a little power by taking damage.
When seriously injured, your blood forms armour. (AC +6)


Message History

The bolt of electricity hits you!
Your blood congeals into armour.
An electric eel comes into view.
The electric eel shoots out a bolt of lightning at you!
The bolt of electricity hits you. The bolt of electricity misses you.
You are too injured to fight recklessly!
You are too injured to fight recklessly!
You are too injured to fight recklessly!
You are too injured to fight recklessly!
You are too injured to fight recklessly!
You are too injured to fight recklessly!
You are too injured to fight recklessly!
You are too injured to fight recklessly!
You are too injured to fight recklessly!
You are too injured to fight recklessly!
You are too injured to fight recklessly!
You are too injured to fight recklessly!
You are too injured to fight recklessly!
You are too injured to fight recklessly!
You are too injured to fight recklessly!
You are too injured to fight recklessly!
You are too injured to fight recklessly!
There are monsters nearby!
Unknown command.
You are too injured to fight recklessly!
The electric eel shoots out a bolt of lightning at you!
The bolt of electricity misses you. The bolt of electricity hits you!
The electric eel shoots out a bolt of lightning at you!
The bolt of electricity hits you!
* * * LOW HITPOINT WARNING * * *
The bolt of electricity hits you.
* * * LOW HITPOINT WARNING * * *
The electric eel shoots out a bolt of lightning at you!
The bolt of electricity misses you. The bolt of electricity hits you!
* * * LOW HITPOINT WARNING * * *
You feel better.
The electric eel shoots out a bolt of lightning at you!
The bolt of electricity hits you!
* * * LOW HITPOINT WARNING * * *
The bolt of electricity hits you.
You die...

##.#######~...#...
##....###........
#....'.#........
#....'.'........
##....###........
##.##### #..).#...
#~## ##~.###.#
##~~# #~~.#~≈~
#~h~# ##~~~~≈~
#~S~# #.#~. #~~~#
#..# #~~~~~
#≈~~~S≈≈
#≈~≈≈≈≈#.~
#~≈≈≈~~# .
#~~~~~~# #~~~#~~#


You could see 2 electric eels.

Vanquished Creatures
  Pikel (D:4)
  A sky beast (D:6)
  2 black bears
  An ice beast (D:6)
  A centaur (D:6)
  A phantom (D:4)
  4 elf zombies (Ossuary)
  A scorpion (D:5)
  3 electric eels (D:6)
  A howler monkey (D:5)
  2 bombardier beetles
  2 centaur zombies (Ossuary)
  A human zombie (Ossuary)
  An orc priest (D:4)
  2 hounds
  Terence (D:3)
  3 iguanas
  2 orc wizards
  4 hound zombies (Ossuary)
  2 mummies (Ossuary)
  9 adders
  A white imp (D:5)
  4 adder zombies (Ossuary)
  7 dart slugs
  4 ribbon worms
  18 orcs
  9 endoplasms
  3 giant cockroaches
  5 gnoll zombies (Ossuary)
  7 goblins
  7 hobgoblins
  3 quokkas
  4 ball pythons
  13 bats
  2 frilled lizards
  3 jackal zombies (Ossuary)
  8 kobolds
  5 kobold zombies (Ossuary)
  9 orc zombies (Ossuary)
  7 rats
164 creatures vanquished.

Notes
Turn   | Place    | Note
-------+----------+-------------------------------------------
     0 | D:1      | Gadfly the Demonspawn Monk began the quest for the Orb.
     0 | D:1      | Reached XP level 1. HP: 18/18 MP: 1/1
    91 | D:1      | Gained mutation: You may rarely emit foul miasma when
                  | damaged in melee. [demonic ancestry]
    91 | D:1      | Reached XP level 2. HP: 19/24 MP: 2/2
   400 | D:1      | Reached skill level 1 in Evocations
   447 | D:1      | Reached skill level 3 in Unarmed Combat
   538 | D:1      | Reached skill level 1 in Shapeshifting
   798 | D:1      | Reached XP level 3. HP: 21/29 MP: 3/3
  1379 | D:2      | Found the +18 Lear's hauberk
  1410 | D:2      | Found Lexal's General Store.
  1451 | D:2      | Gained mutation: You sometimes gain a little power by
                  | taking damage. [demonic ancestry]
  1451 | D:2      | Reached XP level 4. HP: 9/35 MP: 4/4
  1601 | D:2      | Bought a scroll of identify for 20 gold pieces
  2138 | D:2      | Learned a level 3 spell: Fugue of the Fallen
  2398 | D:3      | Noticed Terence
  2423 | D:3      | Killed Terence
  2896 | D:3      | Reached XP level 5. HP: 41/41 MP: 5/5
  3160 | D:4      | Noticed a lemure
  3161 | D:4      | Noticed a lemure
  3162 | D:4      | Noticed Pikel
  3174 | D:4      | Noticed a lemure
  3177 | D:4      | Noticed a lemure
  3237 | D:4      | Killed Pikel
  3238 | D:4      | Reached skill level 4 in Unarmed Combat
  3238 | D:4      | Reached XP level 6. HP: 6/47 MP: 6/6
  3238 | D:4      | Gained mutation: When seriously injured, your blood forms
                  | armour. (AC +6) [demonic ancestry]
  3238 | D:4      | Reached XP level 7. HP: 7/52 MP: 7/7
  3489 | D:4      | Found a sand-covered staircase.
  3493 | Ossuary  | Entered an ossuary
  3717 | Ossuary  | Reached skill level 5 in Unarmed Combat
  3782 | Ossuary  | Reached XP level 8. HP: 53/58 MP: 8/8
  4563 | D:4      | Reached skill level 5 in Evocations
  4912 | D:5      | Entered Level 5 of the Dungeon
  4951 | D:5      | Found Geuproma's Distillery.
  5872 | D:5      | Reached skill level 6 in Unarmed Combat
  6046 | D:5      | Bought a potion of enlightenment for 75 gold pieces
  6046 | D:5      | Bought a potion of berserk rage for 75 gold pieces
  6276 | D:6      | Found a staircase to the Ecumenical Temple.
  6304 | D:6      | Found Qyun's Jewellery Boutique.
  6342 | Temple   | Found a transporter.
  6342 | Temple   | Found a transporter.
  6342 | Temple   | Found a transporter.
  6342 | Temple   | Found a transporter.
  6342 | Temple   | Entered the Ecumenical Temple
  6368 | Temple   | Became a worshipper of Ru the Awakened
  6811 | D:6      | Reached skill level 5 in Dodging
  7186 | D:6      | Found a bloodstained altar of Trog.
  7359 | D:6      | Gained mutation: You sometimes emit foul miasma when
                  | damaged in melee. [demonic ancestry]
  7359 | D:6      | Reached XP level 9. HP: 61/65 MP: 9/9
  7458 | D:6      | Reached skill level 5 in Shapeshifting
  7691 | D:6      | HP: 2/65 [electric eel/bolt of electricity (8)]
  7691 | D:6      | Killed from afar by an electric eel

Illustrated notes

Levels and vault maps discovered:
D:1:      lightli_iron_boxes, layout_loops_corners
D:2:      layout_basic, serial_shops, shop
D:3:      layout_loops_ring, minmay_cupped, uniq_terence
D:4:      layout_loops_corners, enter_ossuary_5, kennysheep_small_spiral,
          uniq_pikel
D:5:      layout_loops_cross, nicolae_inconvenience_store,
          hangedman_glass_garden, roderic_batcave
D:6:      wad_lake_hut, layout_basic, general_overflow_altar,
          trog_hazing_becter, temple_statues, serial_shops,
          nicolae_shop_tiny_glass, hangedman_abyss_or_decor_stabs,
          kb_lookout_dungeons_type
Temple:   hellmonk_temple_divided_pantheon

Skill      XL: |  1  2  3  4  5  6  7  8  9 |
---------------+----------------------------+-----
Evocations     | 1 2 3 4 5 |  5.8
Unarmed Combat | 3 4 5 6 |  6.4
Shapeshifting  | 1 3 4 5 |  5.0
Dodging        | 3 4 5 |  5.2
Fighting       | |  3.8

Action                     |  1- 3 |  4- 6 |  7- 9 || total
---------------------------+-------+-------+-------++-------
  Melee: Unarmed           |   120 |   201 |   454 ||   775
         Dagger            |       |       |    35 ||    35
 Invoke: Reject Sacrifices |       |       |     1 ||     1
Ability: Begin Untransform |       |       |     2 ||     2
    Use: Scroll            |     3 |     5 |     7 ||    15
         Potion            |     2 |     1 |     4 ||     7
 Armour: Robe              |    53 |       |    63 ||   116
         Chain mail        |       |   155 |   344 ||   499
         Skin              |       |       |     7 ||     7
  Dodge: Dodged            |    77 |    63 |   217 ||   357
   Form: Beast             |       |       |     3 ||     3
